Map: Dusk Towers

Players

LordJim - Winner!

  • Race: Zerg Zerg
  • League: Master

Umarlak

  • Race: Protoss Protoss
  • League: Platinum

VOD

Have the link to the VOD?

Description

Time

  • Played on: Feb. 24, 2016, 6:24 a.m.
  • Length: 16:56
Show
View Real Time Build Order
Export as new Build Order

LordJim Zerg - Winner!

Build Orders: Hatch First 

Get SALT Encoding   

  12  0:01  Drone  
  13  0:07  Drone  
  14  0:17  Overlord  
  14  0:22  Extractor  
  14  0:23  Drone  
  15  0:35  Drone x2  
  17  0:52  Hatchery  
  17  0:55  Drone  
  17  0:59  Drone  
  18  1:13  Spawning Pool  
  18  1:16  Drone  
  18  1:19  Drone  
  19  1:39  Hatchery  
  18  1:42  Drone  
  18  1:45  Drone  
  20  2:00  Queen  
  22  2:04  Queen  
  24  2:09  Overlord  
  24  2:12  Drone  
  24  2:15  Drone  
  26  2:17  Drone  
  26  2:20  Drone  
  28  2:27  Drone x2  
  30  2:32  Drone  
  31  2:37  Drone  
  31  2:38  Queen  
  34  2:44  Queen  
  34  2:49  Overlord  
  36  2:52  Drone  
  37  2:59  Queen  
  37  3:01  Drone  
  37  3:02  Drone  
  37  3:03  Drone  
  42  3:09  Drone  
  42  3:10  Drone x3  
  46  3:14  Overlord  
  46  3:17  Drone  
  46  3:18  Drone  
  48  3:21  Extractor x2  
  48  3:24  Drone x2  
  48  3:25  Drone  
  49  3:27  Drone  
  50  3:34  Drone  
  50  3:35  Drone x2  
  50  3:37  Queen  
  50  3:41  Zergling x4  
  57  3:42  Overlord  
  57  3:53  Drone, Overlord  
  58  4:11  Overlord  
  58  4:12  Drone x2  
  58  4:13  Lair  
  58  4:14  Drone  
  58  4:15  Drone  
  62  4:25  Overlord  
  62  4:33  Drone, Roach Warren  
  62  4:34  Hatchery  
  62  4:35  Drone x2  
  63  4:40  Evolution Chamber  
  63  4:42  Drone x12  
  63  4:43  Evolution Chamber  
  73  4:48  Overlord  
  73  4:50  Overlord  
  73  4:54  Extractor x2  
  73  4:56  Metabolic Boost  
  71  5:04  Drone  
  71  5:05  Drone x2  
  74  5:09  Zerg Missile Weapons Level 1, Extractor  
  74  5:10  Extractor  
  74  5:13  Zerg Ground Armor Level 1  
  72  5:15  Drone x7  
  72  5:16  Drone, Overlord  
  72  5:17  Overlord  
  80  5:27  Glial Reconstitution  
  80  5:39  Overlord  
  80  5:43  Spore Crawler  
  80  5:44  Spore Crawler  
  80  5:45  Drone x2, Spore Crawler  
  80  5:46  Drone x2  
  80  5:47  Overlord  
  84  5:50  Drone x10  
  84  5:51  Overseer  
  91  6:00  Overlord  
  91  6:05  Drone, Hydralisk Den  
  91  6:06  Overlord  
  91  6:13  Overlord  
  91  6:21  Overseer  
  91  6:24  Hatchery  
  90  6:25  Pneumatized Carapace  
  90  6:28  Overseer  
  90  6:34  Roach x10  
  90  6:35  Hydralisk x6  
  117  6:42  Spore Crawler  
  113  6:56  Queen  
  108  7:05  Hydralisk x10  
  127  7:17  Spire  
  126  7:31  Spore Crawler  
  126  7:36  Zerg Missile Weapons Level 2  
  125  7:42  Drone  
  125  7:43  Drone x13, Extractor x2  
  137  7:44  Queen  
  137  7:49  Hydralisk  
  141  7:56  Spine Crawler, Drone x4  
  141  7:58  Zerg Ground Armor Level 2  
  143  7:59  Spine Crawler  
  142  8:14  Infestation Pit  
  142  8:16  Overlord x2  
  141  8:21  Muscular Augments  
  141  8:30  Roach x3  
  141  8:33  Roach x7  
  145  8:47  Corruptor x6  
  143  8:49  Zergling x4  
  143  8:50  Zergling x10  
  143  8:52  Ravager  
  143  8:57  Overseer  
  143  9:02  Roach x5  
  151  9:03  Roach  
  151  9:09  Queen  
  153  9:16  Hive  
  153  9:26  Zergling x2  
  153  9:27  Zergling x24  
  154  9:32  Queen  
  156  9:43  Drone  
  156  9:44  Drone x11  
  166  10:03  Overlord  
  166  10:06  Drone x5  
  170  10:07  Drone  
  170  10:08  Drone x2  
  170  10:11  Spore Crawler, Extractor  
  170  10:12  Extractor  
  170  10:14  Spine Crawler  
  170  10:15  Spine Crawler  
  170  10:16  Spine Crawler  
  164  10:30  Corruptor x4  
  164  10:33  Drone x3  
  172  10:37  Zerg Missile Weapons Level 3, Zerg Ground Armor Level 3  
  172  10:38  Viper x3  
  181  10:50  Overlord  
  181  10:54  Zerg Flyer Weapons Level 1  
  181  11:03  Spine Crawler  
  180  11:04  Spine Crawler x2, Spore Crawler  
  177  11:11  Hydralisk x6  
  177  11:16  Overlord  
  177  11:17  Overlord  
  189  11:26  Overlord x2  
  189  11:27  Overlord x3  
  175  12:04  Zergling x32  
  175  12:05  Zergling x26  
  182  12:14  Adrenal Glands  
  168  12:16  Queen  
  168  12:20  Zergling x20  
  180  12:24  Roach, Hydralisk  
  184  12:36  Viper x3  
  193  12:44  Lurker Den  
  193  12:49  Queen  
  195  13:09  Spine Crawler x2  
  195  13:12  Spine Crawler  
  192  13:16  Greater Spire  
  192  13:18  Ultralisk Cavern  
  191  13:21  Roach x4  
  199  13:44  Queen  
  199  13:53  Zerg Melee Weapons Level 1  
  148  14:37  Ultralisk x11  
  148  14:38  Ultralisk x2  
  199  14:44  Chitinous Plating  
  192  14:46  Ravager, Hydralisk x3  
  199  14:58  Hatchery  
  198  15:06  Spore Crawler  
  197  15:07  Spore Crawler x2  
  197  15:08  Spore Crawler x3  
  197  15:09  Spore Crawler x3, Corruptor x3  
  197  15:10  Spore Crawler, Corruptor x3  
  197  15:11  Spore Crawler x2, Corruptor  
  213  15:43  Hatchery  
  212  15:55  Zergling x10, Hydralisk  
  199  16:08  Hatchery  
  199  16:10  Hatchery  
  194  16:29  Spine Crawler  
  194  16:30  Spine Crawler x2  
  194  16:31  Spine Crawler, Zergling x24  
Show
View Real Time Build Order
Export as new Build Order

Umarlak Protoss 

Build Orders: Nexus First 

Get SALT Encoding   

  12  0:02  Probe (Chrono Boost)  
  13  0:12  Probe (Chrono Boost)  
  14  0:18  Pylon  
  14  0:23  Probe (Chrono Boost)  
  15  0:37  Probe (Chrono Boost)  
  16  0:47  Probe (Chrono Boost)  
  17  0:57  Nexus  
  17  1:01  Probe (Chrono Boost)  
  18  1:12  Gateway  
  18  1:15  Probe (Chrono Boost)  
  19  1:20  Assimilator  
  19  1:25  Probe (Chrono Boost)  
  20  1:36  Probe (Chrono Boost)  
  21  1:46  Probe (Chrono Boost)  
  22  1:56  Nexus  
  22  2:05  Cybernetics Core  
  22  2:09  Pylon  
  22  2:13  Probe (Chrono Boost)  
  22  2:15  Probe (Chrono Boost)  
  24  2:21  Zealot  
  26  2:25  Probe (Chrono Boost)  
  26  2:27  Probe (Chrono Boost)  
  28  2:33  Assimilator  
  28  2:36  Probe (Chrono Boost)  
  29  2:37  Probe (Chrono Boost)  
  29  2:41  Warp Gate  
  30  2:47  Mothership Core (Chrono Boost)  
  30  2:50  Adept  
  34  2:53  Probe (Chrono Boost)  
  34  3:04  Probe (Chrono Boost)  
  34  3:05  Probe (Chrono Boost)  
  36  3:17  Forge  
  36  3:19  Robotics Facility  
  36  3:22  Pylon  
  36  3:23  Probe (Chrono Boost)  
  39  3:27  Probe x2 (Chrono Boost)  
  39  3:32  Stalker  
  41  3:34  Probe (Chrono Boost)  
  41  3:39  Probe (Chrono Boost)  
  41  3:40  Probe (Chrono Boost)  
  44  3:45  Pylon  
  44  3:46  Probe (Chrono Boost)  
  45  3:50  Probe x2 (Chrono Boost)  
  47  3:56  Probe (Chrono Boost)  
  48  4:09  Probe x3 (Chrono Boost)  
  49  4:11  Warp Prism  
  49  4:14  Protoss Ground Weapons Level 1  
  51  4:17  Photon Cannon  
  51  4:23  Gateway  
  51  4:25  Probe x2 (Chrono Boost)  
  51  4:26  Probe (Chrono Boost)  
  51  4:27  Photon Cannon  
  51  4:31  Assimilator  
  54  4:34  Assimilator  
  54  4:38  Stargate  
  54  4:42  Probe x3 (Chrono Boost)  
  57  4:51  Observer  
  57  4:52  Probe (Chrono Boost)  
  59  4:53  Probe x2 (Chrono Boost)  
  61  5:03  Probe (Chrono Boost)  
  61  5:04  Probe x2 (Chrono Boost)  
  64  5:11  Pylon  
  64  5:13  Probe (Chrono Boost)  
  65  5:14  Probe (Chrono Boost)  
  66  5:21  Twilight Council  
  66  5:23  Pylon, Gateway  
  66  5:29  Gateway  
  66  5:32  Gateway  
  66  5:34  Pylon, Probe x3 (Chrono Boost)  
  69  5:36  Assimilator  
  69  5:37  Phoenix  
  69  5:40  Assimilator  
  71  5:45  Adept x2  
  76  5:50  Probe x3 (Chrono Boost)  
  78  5:58  Forge  
  78  6:00  Robotics Bay  
  78  6:01  Gateway  
  78  6:03  Gateway  
  78  6:06  Gateway  
  78  6:11  Pylon  
  78  6:17  Adept x2, Protoss Ground Weapons Level 2  
  81  6:28  Charge  
  81  6:29  Immortal  
  81  6:30  Phoenix  
  87  6:42  Zealot x2  
  87  6:43  Zealot x2  
  87  6:44  Zealot  
  97  6:55  Phoenix  
  81  7:08  Immortal (Chrono Boost)  
  85  7:18  Zealot x3  
  85  7:20  Zealot, Phoenix  
  95  7:29  Protoss Ground Armor Level 1  
  87  7:37  Zealot x2  
  91  7:44  Extended Thermal Lance  
  91  7:47  Colossus (Chrono Boost)  
  97  7:57  Robotics Facility  
  97  7:59  Robotics Facility  
  97  8:02  Zealot x3  
  97  8:04  Zealot  
  105  8:07  Nexus  
  105  8:08  Pylon  
  105  8:10  Pylon  
  105  8:12  Pylon  
  101  8:14  Pylon  
  101  8:17  Assimilator, Zealot x3  
  107  8:22  Assimilator  
  101  8:30  Zealot  
  101  8:31  Zealot x4  
  108  8:42  Zealot  
  108  9:00  Nexus  
  108  9:02  Pylon  
  108  9:03  Pylon  
  108  9:05  Pylon  
  108  9:07  Pylon  
  108  9:09  Pylon  
  104  9:10  Pylon  
  104  9:12  Pylon  
  104  9:20  Colossus (Chrono Boost)  
  116  9:27  Colossus (Chrono Boost), Protoss Ground Weapons Level 3  
  96  9:32  Protoss Ground Armor Level 2  
  96  9:38  Zealot  
  96  9:39  Zealot x7  
  96  9:43  Void Ray  
  122  9:50  Colossus (Chrono Boost)  
  128  10:07  Colossus (Chrono Boost)  
  132  10:19  Immortal (Chrono Boost)  
  124  10:25  Templar Archives  
  124  10:27  Gateway  
  124  10:35  Zealot x4  
  120  10:36  Zealot  
  120  10:40  Void Ray  
  120  10:42  Immortal (Chrono Boost)  
  132  10:55  Photon Cannon  
  132  10:56  Gateway  
  136  10:58  Immortal (Chrono Boost), Photon Cannon  
  136  11:00  Gateway  
  136  11:02  Probe  
  136  11:03  Probe  
  137  11:04  Probe  
  137  11:06  Psionic Storm  
  137  11:08  High Templar x2  
  137  11:09  High Templar  
  137  11:10  High Templar  
  147  11:12  Archon  
  147  11:17  Warp Prism (Chrono Boost)  
  149  11:22  Archon  
  149  11:23  Void Ray  
  153  11:28  High Templar x3  
  159  11:35  High Templar  
  147  12:07  Colossus  
  113  12:09  Zealot  
  113  12:10  Zealot x7  
  113  12:14  Colossus x2  
  131  12:20  Protoss Ground Armor Level 3  
  131  12:21  Void Ray  
  131  12:35  Stargate  
  127  12:37  Stargate  
  127  12:39  Stargate  
  127  12:40  Protoss Air Weapons Level 1  
  127  12:55  Twilight Council  
  127  12:56  Immortal  
  127  13:01  High Templar x3  
  127  13:02  High Templar  
  139  13:08  Immortal  
  143  13:22  Zealot x2  
  143  13:23  Zealot  
  143  13:24  Zealot x2  
  143  13:25  Zealot  
  149  13:40  Void Ray x3  
  157  13:43  Void Ray  
  157  14:02  Pylon  
  156  14:15  Zealot x2  
  156  14:16  Zealot  
  156  14:18  Zealot  
  156  14:19  Zealot x2  
  111  14:40  Archon x2  
  111  14:41  Archon  
  111  14:42  Archon  
  107  14:58  Assimilator  
  107  15:02  High Templar  
  107  15:03  High Templar x3  
  107  15:04  High Templar x6  
  127  15:10  Void Ray  
  127  15:11  Void Ray, Nexus  
  127  15:13  Pylon  
  135  15:17  Pylon  
  135  15:30  Fleet Beacon  
  135  15:32  Mothership Core  
  131  15:52  Archon  
  131  15:53  Immortal  
  93  15:58  Immortal x2  
  93  16:05  Void Ray  
  97  16:19  Zealot x3  
  83  16:38  Archon  
  83  16:39  Archon  
  75  16:40  Archon  
  77  16:50  Zealot  
Tags
 
Add a new tag
Caveats
  • Supply blocks, unpowered buildings, or Contaminate may cause inaccurate times.
  • Supply counts are checked every 10 seconds.